 Dungeon Crawl Stone Soup version 0.31-a0-931-g7b59d4eb97 (webtiles) character file.

Game seed: 11684122922111155013

163 retardedninja the Firebug (level 5, -10/30 HPs)
             Began as a Gargoyle Fire Elementalist on Oct 19, 2023.
             Killed by divine providence
             ... invoked by an orc priest
              (14 damage)
             ... on level 4 of the Dungeon.
             The game lasted 00:05:01 (3133 turns).

retardedninja the Firebug (GrFE)                    Turns: 3133, Time: 00:05:02

Health: -10/30     AC:  7    Str: 12    XL:     5   Next: 44%
Magic:  9/9        EV: 12    Int: 17    God:
Gold:   231        SH:  0    Dex: 16    Spells: 6/9 levels left

rFire   . . .        m - +7 Throatcutter {drain, coup de grace}
rCold   + . .        (no shield)
rNeg    + . .        a - +0 robe
rPois   ∞            (no helmet)
rElec   +            (no cloak)
rCorr   .            (no gloves)
SInv    .            h - +0 pair of boots
Will    .....        j - amulet of magic regeneration
Stlth   ++           f - ring of protection from cold
HPRegen 0.25/turn    p - +6 ring of dexterity
MPRegen 0.51/turn

%: no passive effects
@: no status effects
A: sickness immunity, AC +4, negative energy resistance 1, electricity
resistance, torment resistance 1, petrification resistance
a: no special abilities


You were on level 4 of the Dungeon.
You visited 1 branch of the dungeon, and saw 4 of its levels.

You collected 231 gold pieces.

Inventory:

Hand Weapons
 m - the +7 Throatcutter (weapon) {drain, coup de grace}
   (You found it on level 2 of the Dungeon)
Armour
 a - a +0 robe (worn)
 h - a +0 pair of boots (worn)
 r - a scarf of invisibility
Jewellery
 f - a ring of protection from cold (left hand)
 j - an amulet of magic regeneration (around neck)
 p - a +6 ring of dexterity (right hand)
Scrolls
 d - 3 scrolls of blinking {unknown}
 e - 3 scrolls of brand weapon {unknown}
 g - 2 scrolls of enchant armour {unknown}
 k - a scroll of enchant weapon {unknown}
 l - a scroll of poison {unknown}
 n - a scroll of fear {unknown}
 o - a scroll of noise {unknown}
 s - 2 scrolls of teleportation {unknown}
Potions
 b - a potion of magic
 c - 3 potions of heal wounds {unknown}
 i - a potion of haste {unknown}
 q - a potion of might {unknown}
 t - 2 potions of invisibility {unknown}
 v - 2 potions of mutation {unknown}
 w - a potion of berserk rage {unknown}


   Skills:
 + Level 2.1 Fighting
 - Level 1.5 Dodging
 - Level 2.2 Stealth
 + Level 2.7 Spellcasting
 + Level 2.6 Conjurations
 + Level 3.7 Fire Magic
 + Level 1.5 Air Magic


You had 6 spell levels left.
You knew the following spells:

 Your Spells              Type           Power      Damage    Failure   Level
a - Foxfire               Conj/Fire      52%        2x1d6     4%          1
b - Scorch                Fire           30%        2d6       6%          2

Your spell library contained the following spells:

 Spells                   Type           Power      Damage    Failure   Level
 Summon Small Mammal      Summ           8%         N/A       19%         1
 Inner Flame              Hex/Fire       8%         N/A       24%         3
 Volatile Blastmotes      Fire/Tloc      16%        2d11      24%         3
 Flame Wave               Conj/Fire      13%        2d6       43%         4
 Call Canine Familiar     Summ           2%         N/A       47%         3
 Summon Guardian Golem    Hex/Summ       2%         N/A       47%         3


Dungeon Overview and Level Annotations

Branches:
Dungeon (4/15)
 Temple: D:4-7

Altars:


Innate Abilities, Weirdness & Mutations

You are immune to sickness and miasma.
Your stone body is resilient. (AC +4)
You are immune to poison.
You resist negative energy. (rN+)
You are resistant to electric shocks. (rElec)
You are resistant to unholy torment.
You are immune to petrification.


Message History

The orc priest is moderately wounded.
An orc priest comes into view. It is wielding a +0 dagger.
An orc comes into view. It is wielding a +0 dagger.
You conjure some foxfire!
The orc shouts!
The orc priest shouts!
The foxfire hits the orc priest.
The orc priest is heavily wounded.
The orc priest mumbles some strange prayers to Beogh against you.
Beogh smites you!
The foxfire hits the orc.
The orc is lightly wounded.
The orc priest invokes the aid of Beogh against you.
Beogh smites you!
Ouch! That really hurt!
* * * LOW HITPOINT WARNING * * *
It was a potion of curing.
You feel better.
The orc priest calls upon Beogh to heal the orc priest.
The orc priest is healed somewhat.
You hear a shout!
The orc priest begins to cast a cantrip, but forgets the words!
The orc priest invokes the aid of Beogh against you.
Beogh smites you!
* * * LOW HITPOINT WARNING * * *
You feel better.
The orc priest calls upon Beogh to heal the orc priest.
The orc priest's wounds heal themselves!
The orc priest begins to cast a cantrip, but forgets the words!
The orc priest mumbles some strange prayers to Beogh against you.
Beogh smites you!
* * * LOW HITPOINT WARNING * * *
You feel better.
The orc priest casts a cantrip, but nothing happens.
You feel better.
An orc comes into view. It is wielding a +0 trident.
The orc priest calls down the wrath of Beogh upon you.
Beogh smites you!
* * * LOW HITPOINT WARNING * * *
The orc hits you but does no damage.
The orc priest mumbles some strange prayers to Beogh against you.
Beogh smites you!
You die...

#...........##
#...o........#
##....o......+
#...o.......#
##..........[#
#...g......!.#
#.†oo..........
#....#####...##
#...@# ...##..
#....# #.......
#(...# ###.......
#....# #.........
#....###.#.......
####............
#.###....######
#........#....#
#..........# .#


You could see 2 orc priests, 3 orcs and a goblin.

Vanquished Creatures
  A hound (D:3)
  6 adders
  2 worms
  2 dart slugs
  5 orcs
  3 ball pythons
  8 bats
  6 endoplasms
  5 giant cockroaches
  4 goblins
  6 hobgoblins
  4 jackals (D:3)
  A quokka (D:1)
  A frilled lizard (D:3)
  2 kobolds (D:1)
  5 rats
61 creatures vanquished.

Vanquished Creatures (others)
  283 foxfires
283 creatures vanquished.

Grand Total: 344 creatures vanquished

Notes
Turn   | Place    | Note
-------+----------+-------------------------------------------
     0 | D:1      | retardedninja the Gargoyle Fire Elementalist began the
                  | quest for the Orb.
     0 | D:1      | Reached XP level 1. HP: 10/10 MP: 3/3
   274 | D:1      | Found a faded altar of an unknown god.
   279 | D:1      | Reached XP level 2. HP: 16/16 MP: 1/5
  1236 | D:2      | Reached skill level 1 in Fighting
  1258 | D:2      | Reached XP level 3. HP: 20/20 MP: 6/6
  1376 | D:2      | Learned a level 2 spell: Scorch
  1558 | D:2      | Found the +7 Throatcutter {drain, coup de grace}
  1639 | D:2      | Reached skill level 1 in Air Magic
  1884 | D:2      | Reached XP level 4. HP: 25/25 MP: 5/7
  2376 | D:3      | Reached XP level 5. HP: 16/30 MP: 6/9
  3130 | D:4      | HP: 1/30 [orc priest/divine providence (9)]
  3133 | D:4      | Killed from afar by an orc priest

Illustrated notes

Levels and vault maps discovered:
D:1:      matt_arrival_diagonals, layout_basic,
          shapermc_ecumenical_altar_pompeii
D:2:      layout_loops_corners
D:3:      minmay_chambers_of_twos, layout_basic
D:4:      wander_river, layout_basic, nicolae_overflow_hidden_temple,
          minmay_temple_entry_poolview, gammafunk_ghost_necromancy

Skill      XL: |  1  2  3  4 |
---------------+-------------+-----
Fighting       | 1 2 |  2.1
Air Magic      | 1 |  1.5
Conjurations   | 2 |  2.6
Dodging        | |  1.5
Stealth        | |  2.2
Spellcasting   | |  2.7
Fire Magic     | |  3.7

Action                     |  1- 3 |  4- 6 || total
---------------------------+-------+-------++-------
  Melee: Unarmed           |     5 |       ||     5
         Long sword        |       |     5 ||     5
   Cast: Foxfire           |    98 |    87 ||   185
         Scorch            |       |     8 ||     8
    Use: Potion            |       |     4 ||     4
 Armour: Robe              |    16 |    49 ||    65
  Dodge: Dodged            |    24 |    53 ||    77

Table legend: (Time is in decaauts)
 A = Elapsed time spent in this place.
 B = Non-inter-level travel time spent in this place.
 C = Inter-level travel time spent in this place.
 D = Time resting spent in this place.
 E = Time spent auto-exploring this place.
 F = Levels seen in this place.
 G = Mean time per level.
                   A        B        C        D        E       F      G
               +--------+--------+--------+--------+--------+-----+--------+
         Total |   3133 |   3060 |     73 |    246 |   2199 |   4 |  783.2 |
       Dungeon |   3133 |   3060 |     73 |    246 |   2199 |   4 |  783.2 |
               +--------+--------+--------+--------+--------+-----+--------+

Top non-repeatable levels by time:
     D:2: 1038 daAuts
     D:3: 1030 daAuts
     D:1: 949 daAuts
     D:4: 115 daAuts
